 Dungeon Crawl Stone Soup version 0.27-a0-972-gd1521fd518 (webtiles) character file.

Game seed: 11998155376419374634

9 Alarkh the Insei (level 2, 10/21 HPs)
             Began as a Demonspawn Transmuter on Apr 13, 2021.
             Got out of the dungeon alive.
             The game lasted 00:00:48 (108 turns).

Alarkh the Insei (Demonspawn Transmuter)             Turns: 108, Time: 00:00:49

Health: 10/21      AC:  4    Str: 10    XL:     2   Next: 3%
Magic:  3/5        EV: 12    Int: 14    God:
Gold:   0          SH:  0    Dex: 13    Spells: 4/5 levels left

rFire    . . .     SeeInvis .     - Unarmed
rCold    . . .     Faith    .   (no shield)
rNeg     . . .     Spirit   .   a - +0 robe
rPois    .         Reflect  .   (no helmet)
rElec    .         Harm     .   (no cloak)
rCorr    .         Rampage  .   (no gloves)
Will     .....                  (no boots)
Stlth    +.........             (no amulet)
HPRegen  0.07/turn              (no ring)
MPRegen  0.09/turn              (no ring)

@: no status effects
A: molten scales 1
a: no special abilities


You escaped.
You visited 1 branch of the dungeon, and saw 1 of its levels.

Inventory:

Armour
 a - a +0 robe (worn)
Potions
 b - 2 potions of haste {unknown}


   Skills:
 + Level 1.2 Fighting
 - Level 1.7 Dodging
 * Level 2.9 Unarmed Combat
 + Level 2.1 Spellcasting
 + Level 1.9 Transmutations


You had 4 spell levels left.
You knew the following spells:

 Your Spells              Type           Power      Damage    Failure   Level
a - Beastly Appendage     Tmut           14%        N/A       11%         1

Your spell library contained the following spells:

 Spells                   Type           Power      Damage    Failure   Level
 Wereblood                Tmut           7%         N/A       16%         2
 Spider Form              Tmut/Pois      2%         N/A       43%         3
 Ice Form                 Ice/Tmut       4%         N/A       83%         4
 Hydra Form               Tmut           3%         N/A       96%         5


Dungeon Overview and Level Annotations

Branches:
Dungeon (1/15)

Altars:


Innate Abilities, Weirdness & Mutations

You are partially covered in molten scales. (AC +2)


Message History

The ball python bites you but does no damage.
The ball python barely misses you.
You closely miss the ball python. You headbutt the ball python.
The ball python is severely wounded.
The ball python bites you. The ball python grabs you.
The ball python constricts you.
You are too injured to fight recklessly!
You are too injured to fight recklessly!
You are too injured to fight recklessly!
You are too injured to fight recklessly!
You are too injured to fight recklessly!
You hit the ball python.
You kill the ball python!
Your horns disappear.
Your talons disappear.
You have reached level 2!
Your demonic ancestry asserts itself...
Molten scales grow over part of your body.
Things that are here:
a +0 dagger; a +0 club
Casting: Beastly Appendage (safe; 11% risk of failure)
Confirm with . or Enter, or press ? or * to list all spells.
You grow a pair of large bovine horns.
Your feet morph into talons.
Unknown command.
You hit the rat.
The rat is moderately wounded.
Your transformation is almost over.
The rat closely misses you.
You hit the rat but do no damage.
The rat is moderately wounded.
The rat closely misses you.
You closely miss the rat. You claw the rat.
You kill the rat!
You see here a rat corpse.
Things that are here:
a +0 dagger; a +0 club Your horns disappear.
Your talons disappear.
There is an open door here.
There is a staircase leading out of the dungeon here.
Are you sure you want to leave the Dungeon?
This will make you lose the game!
You have escaped!

. .............
.............)#######
..................... ##
#.......#####+#####..
.###.......#PPP#.#PPP#..
.......###.#P⌠P#.#P⌠P#.#
...#.......#PPP#.#PPP#..
.†...#####.#####.#####..
...######..'....@....+ .
...†)......#####.#####.#
..#######..#PPP#.#PPP#.#
#†.....##..#P⌠P#.#P⌠P#..
######.###.#PPP#.#PPP#..
#.###.#####+#####..
#...#..............
###...#####........
###........


There were no monsters in sight!

Vanquished Creatures
  An endoplasm (D:1)
  2 goblins (D:1)
  A jackal (D:1)
  A ball python (D:1)
  A bat (D:1)
  A frilled lizard (D:1)
  2 rats (D:1)
9 creatures vanquished.

Notes
Turn   | Place    | Note
-------+----------+-------------------------------------------
     0 | D:1      | Alarkh the Demonspawn Transmuter began the quest for the
                  | Orb.
     0 | D:1      | Reached XP level 1. HP: 15/15 MP: 3/3
    85 | D:1      | Gained mutation: You are partially covered in molten
                  | scales. (AC +2) [demonic ancestry]
    85 | D:1      | Reached XP level 2. HP: 8/21 MP: 1/5
   108 | D:$      | Got out of the dungeon alive.

Illustrated notes

Levels and vault maps discovered:
D:1:      beargit_arrival_greenhouse, layout_rooms

Action                   || total
-------------------------++-------
Melee: Unarmed           ||    21
       Kick              ||     3
       Headbutt          ||     2
 Cast: Beastly Appendage ||     6
Armor: Robe              ||     3
Dodge: Dodged            ||    13

Table legend: (Time is in decaauts)
 A = Elapsed time spent in this place.
 B = Non-inter-level travel time spent in this place.
 C = Inter-level travel time spent in this place.
 D = Time resting spent in this place.
 E = Time spent auto-exploring this place.
 F = Levels seen in this place.
 G = Mean time per level.
                   A        B        C        D        E       F      G
               +--------+--------+--------+--------+--------+-----+--------+
         Total |    107 |     94 |     13 |      0 |     40 |   1 |  107.0 |
       Dungeon |    107 |     94 |     13 |      0 |     40 |   1 |  107.0 |
               +--------+--------+--------+--------+--------+-----+--------+

Top non-repeatable levels by time:
     D:1: 107 daAuts
